 Dungeon Sprint DCSS version 0.19-a0-1047-g4b671ad (webtiles) character file.

32 Groucho the Covered (level 3, -1/24 HPs)
             Began as a Gargoyle Fighter on July 31, 2016.
             Was an Initiate of Makhleb.
             Slain by a troll (3 damage)
             ... in the Dungeon (Sprint IX: "|||||||||||||||||||||||||||||").
             The game lasted 00:01:47 (425 turns).

Groucho the Covered (Gargoyle Fighter)               Turns: 425, Time: 00:01:48

Health: -1/24      AC: 17    Str: 23    XL:     3   Next: 27%
Magic:  3/3        EV:  6    Int:  8    God:    Makhleb [......]
Gold:   0          SH:  9    Dex:  9    Spells: 0 memorised, 2 levels left

rFire  . . .     SeeInvis .     p - +2 scimitar (flame)
rCold  . . .     Gourm    .     r - +0 plate armour
rNeg   + . .     Faith    .     c - +0 shield
rPois  ∞         Spirit   .     a - +0 helmet
rElec  +         Dismiss  .     (no cloak)
rCorr  .         Reflect  .     (no gloves)
SustAt .         Harm     .     q - +0 pair of boots
MR     .....     NoTele   +     (no amulet)
Stlth  ..........               t - +3 ring of strength
                                s - +2 ring of evasion

@: not resistant to hostile enchantments, extremely unstealthy
A: negative energy resistance 1, electricity resistance, unbreathing,
petrification resistance, rot immunity, AC +3
a: Renounce Religion


You were in the Dungeon.
You worshipped Makhleb.
Makhleb was noncommittal.
You were not hungry.

You visited 1 branch

Inventory:

Hand Weapons
 p - a +2 scimitar of flaming (weapon)
Armour
 a - a +0 helmet (worn)
 c - a +0 shield (worn)
 q - a +0 pair of boots (worn)
 r - a +0 plate armour (worn)
Jewellery
 s - a +2 ring of evasion (left hand)
 t - a +3 ring of strength (right hand)
Wands
 o - a wand of iceblast (7/15)
Scrolls
 k - 2 scrolls of blinking
 m - 3 scrolls of remove curse
 n - 2 scrolls of amnesia
Potions
 d - a potion of might
 e - 5 potions of curing
 g - 2 potions of heal wounds
 h - a potion of haste
 i - 4 potions of magic
 j - a potion of berserk rage
 l - a potion of invisibility
Comestibles
 f - a bread ration


   Skills:
 + Level 4.4 Fighting
 * Level 3.9 Long Blades
 + Level 4.5 Armour
 + Level 4.4 Shields


You had 2 spell levels left.
You didn't know any spells.

Dungeon Overview and Level Annotations

Branches:
Dungeon (1/1)

Altars:
Cheibriados
Dithmenos
Elyvilon
Fedhas
Gozag
Hepliaklqana
Kikubaaqudgha
Makhleb
Nemelex Xobeh
Okawaru
Pakellas
Qazlal
Ru
Sif Muna
Trog
Uskayaw
Vehumet
Xom
Yredelemnul
Zin
The Shining One
Beogh
Jiyva
Lugonu


Innate Abilities, Weirdness & Mutations

You are resistant to torment.
Your stone body is resilient. (AC +3)
You are immune to poison.
You resist negative energy. (rN+)
You are resistant to electric shocks. (rElec)
You can survive without breathing.
You are immune to petrification.
You are immune to rotting.


Message History

The troll is heavily wounded.
The troll bites you!
* * * LOW HITPOINT WARNING * * *
The troll claws you but does no damage. The troll claws you.
* * * LOW HITPOINT WARNING * * *
You feel much better. The troll bites you. The troll claws you. x2
Evoke which item? (* to show all) (? for menu, Esc to quit)
Okay, then.
Your shield and plate armour prevent you from hitting the troll.
The troll is heavily wounded.
The troll bites you but does no damage. The troll closely misses you.
The troll claws you but does no damage.
You slash the troll! You burn the troll.
The troll is severely wounded.
The troll bites you! The troll claws you but does no damage.
The troll claws you!
* * * LOW HITPOINT WARNING * * *
The wyvern hisses menacingly.
The troll bites you but does no damage. The troll claws you.
You die... ▓▓▓▓▓▓▓▓▓▓▓▓▓▓▓▓▓▓▓▓▓▓▓▓ ..YlZOT@....)|..'_______ ▓▓▓▓▓▓▓▓▓▓▓▓▓▓▓▓▓▓▓▓▓▓▓▓

You could see a troll, a wyvern, an ice beast, an ogre and a jackal skeleton.

Vanquished Creatures
  An adder (D)
  A shadow imp (D)
  An ooze (D)
  A worm (D)
  A ball python (D)
  A giant cockroach (D)
  2 quokkas (D)
  A goblin (D)
  A jackal skeleton (D)
  A rat (D)
11 creatures vanquished.

Notes
Turn   | Place    | Note
-------+----------+-------------------------------------------
     0 | D        | Groucho the Gargoyle Fighter began the quest for the Orb.
     0 | D        | Reached XP level 1. HP: 14/14 MP: 1/1
    13 | D        | Reached XP level 2. HP: 16/20 MP: 2/2
    77 | D        | Reached XP level 3. HP: 24/24 MP: 3/3
   336 | D        | Found a glowing silver altar of Zin.
   336 | D        | Found a glowing golden altar of the Shining One.
   336 | D        | Found an ancient bone altar of Kikubaaqudgha.
   336 | D        | Found a basalt altar of Yredelemnul.
   336 | D        | Found a shimmering altar of Xom.
   336 | D        | Found a radiant altar of Vehumet.
   337 | D        | Found an iron altar of Okawaru.
   338 | D        | Found a burning altar of Makhleb.
   339 | D        | Found a deep blue altar of Sif Muna.
   340 | D        | Found a bloodstained altar of Trog.
   341 | D        | Found a sparkling altar of Nemelex Xobeh.
   342 | D        | Found a white marble altar of Elyvilon.
   343 | D        | Found a roughly hewn altar of Beogh.
   344 | D        | Found a viscous altar of Jiyva.
   345 | D        | Found a corrupted altar of Lugonu.
   346 | D        | Became a worshipper of Makhleb the Destroyer
   347 | D        | Found a blossoming altar of Fedhas.
   348 | D        | Found a snail-covered altar of Cheibriados.
   349 | D        | Found a shadowy altar of Dithmenos.
   350 | D        | Found a stormy altar of Qazlal.
   351 | D        | Found an opulent altar of Gozag.
   352 | D        | Found a sacrificial altar of Ru.
   353 | D        | Found an oddly glowing altar of Pakellas.
   354 | D        | Found a hide-covered altar of Uskayaw.
   355 | D        | Found a hazy altar of Hepliaklqana.
   418 | D        | Noticed an ice beast
   418 | D        | Noticed a wyvern
   418 | D        | Noticed an ogre
   418 | D        | Noticed a troll
   425 | D        | Slain by a troll

Vault maps used:
D:        linesprint

Skill      XL: |  1  2 |
---------------+-------+-----
Long Blades    | 2 3 |  3.9
Fighting       | 4 |  4.4
Armour         | 4 |  4.5
Shields        | 4 |  4.4

Action                   || total
-------------------------++-------
Melee: Long sword        ||    47
       Scimitar          ||     6
  Use: Potion            ||     1
Armor: Scale mail        ||    14
       Plate armour      ||     9
Dodge: Dodged            ||    13
Block: Shield            ||    19
